 Dungeon Sprint DCSS version 0.27.1-33-g824d729ab1 (webtiles) character file.

Game seed: 11033195230338926688

1878 Adenis the Severer (level 8, 0/129 HPs)
             Began as a Minotaur Berserker on Dec 6, 2021.
             Was an Elder of Trog.
             Slain by a centaur warrior (3 damage)
             ... in the Dungeon (Sprint I: "Red Sonja").
             The game lasted 00:01:32 (913 turns).

Adenis the Severer (Minotaur Berserker)              Turns: 913, Time: 00:01:33

Health: 0/129      AC:  9    Str: 23    XL:     8   Next: 91%
Magic:  7/7        EV: 13    Int:  4    God:    Trog [****..]
Gold:   405        SH:  0    Dex: 11    Spells: 7/7 levels left

rFire    . . .     SeeInvis .   a - +0 hand axe
rCold    + . .     Faith    .   (no shield)
rNeg     . . .     Spirit   .   j - +2 ring mail {rC+}
rPois    .         Reflect  .   (helmet restricted)
rElec    .         Harm     .   (no cloak)
rCorr    .         Rampage  .   (no gloves)
Will     .....     NoTele   +   (no boots)
Stlth    ..........             (no amulet)
HPRegen  0.31/turn              (no ring)
MPRegen  0.10/turn              (no ring)

@: berserking, quick
A: horns 2, retaliatory headbutt
a: Renounce Religion, Berserk, Trog's Hand, Brothers in Arms


You were in the Dungeon.
You worshipped Trog.
Trog was greatly pleased with you.
You visited 1 branch You collected 405 gold pieces.

Inventory:

Hand Weapons
 a - a +0 hand axe (weapon)
Armour
 b - a +0 animal skin
 j - a +2 ring mail of cold resistance (worn)
Wands
 i - a wand of digging (2)
Scrolls
 h - a scroll of blinking
 k - a scroll of identify {unknown}
Potions
 c - a potion of curing
 d - a potion of heal wounds
 e - a potion of haste
 f - 2 potions of magic
 g - a potion of berserk rage


   Skills:
 + Level 13.4 Fighting
 + Level 15.3 Axes
 + Level 9.5 Armour
 + Level 7.4 Dodging
 + Level 0.3 Stealth


You had 7 spell levels left.
You didn't know any spells.
Your spell library was empty.

Dungeon Overview and Level Annotations

Branches:
Dungeon (1/1)

Altars:
Cheibriados
Dithmenos
Elyvilon
Fedhas
Gozag
Hepliaklqana
Kikubaaqudgha
Makhleb
Okawaru
Qazlal
Ru
Sif Muna
Trog
Uskayaw
Vehumet
Wu Jian
Xom
Yredelemnul
Zin
The Shining One
Jiyva
Lugonu

Shops:
D !


Innate Abilities, Weirdness & Mutations

You have a pair of horns on your head.
You reflexively headbutt those who attack you in melee.


Message History

You headbutt the centaur warrior!
The centaur warrior kicks you but does no damage.
You slash the centaur warrior!
You feel the power of Trog in you as your rage grows.
You kill the centaur warrior!
Trog accepts your kill.
You hear a splash. x2
The centaur warrior shoots an arrow.
The arrow hits you!!
* * * LOW HITPOINT WARNING * * *
Your Fighting skill increases to level 13!
Your Axes skill increases to level 15!
Your Armour skill increases to level 9!
Your Dodging skill increases to level 7!
You enter the shallow water.
Moving in this stuff is going to be slow.
The centaur warrior unwields a +0 longbow.
The centaur warrior hits you but does no damage.
The centaur warrior kicks you but does no damage.
Things that are here:
a +0 shortbow; 22 arrows; a centaur corpse Your unstable footing causes you to fumble your attack.
The centaur warrior hits you!
* * * LOW HITPOINT WARNING * * *
The centaur warrior kicks you but does no damage.
Unknown command.
You slash the centaur warrior! You headbutt the centaur warrior.
The centaur warrior is moderately wounded.
You slash the centaur warrior!
Your headbutt misses the centaur warrior.
The centaur warrior is heavily wounded.
The centaur warrior closely misses you.
The centaur warrior kicks you but does no damage.
Your unstable footing causes you to fumble your attack.
The centaur warrior hits you but does no damage.
The centaur warrior kicks you.
* * * LOW HITPOINT WARNING * * *
Unknown command.
Your unstable footing causes you to fumble your attack.
Your unstable footing causes you to fumble your attack.
The centaur warrior hits you.
You die...

########################
.#..)..#..'..#__#..')..#
.').#..').#..'..'..#)..#
.#####'#####'#__####...+
.# #..#...#.####§§#####
.#__####..##§#≈≈§§§#
.#_____##'#_§'§§c§§+
⌠#_.∩...'..._#§≈@§§#
##_..__##_.#'##§####
#____ ##+#(#==:$# ####
####+###


You could see a centaur warrior.

Vanquished Creatures
  A centaur warrior (D)
  2 kobold demonologists (D)
  A slime creature (D)
  A yak (D)
  Sigmund (D)
  A floating eye (D)
  An ogre (D)
  A jelly (D)
  Ijyb (D)
10 creatures vanquished.

Notes
Turn   | Place    | Note
-------+----------+-------------------------------------------
     0 | D        | Adenis the Minotaur Berserker began the quest for the Orb.
     0 | D        | Reached XP level 1. HP: 19/19 MP: 0/0
     2 | D        | Noticed Ijyb
    11 | D        | Killed Ijyb
    12 | D        | Reached skill level 5 in Fighting
    12 | D        | Reached skill level 5 in Axes
    12 | D        | Reached XP level 2. HP: 29/29 MP: 1/1
    85 | D        | Noticed an ogre
    91 | D        | Killed an ogre
    92 | D        | Reached skill level 7 in Axes
    92 | D        | Reached XP level 3. HP: 26/39 MP: 2/2
    92 | D        | Reached XP level 4. HP: 32/47 MP: 3/3
   303 | D        | Noticed Sigmund
   308 | D        | Killed Sigmund
   308 | D        | Reached ** piety under Trog
   309 | D        | Reached skill level 10 in Axes
   309 | D        | Reached skill level 5 in Armour
   309 | D        | Reached XP level 5. HP: 57/57 MP: 4/4
   353 | D        | Found an ornate altar of the Wu Jian Council.
   353 | D        | Found a shimmering blue altar of Sif Muna.
   355 | D        | Found a radiant altar of Vehumet.
   362 | D        | Reached XP level 6. HP: 45/66 MP: 5/5
   469 | D        | Found Meoqa's Distillery.
   469 | D        | Found an ancient bone altar of Kikubaaqudgha.
   469 | D        | Found a hazy altar of Hepliaklqana.
   469 | D        | Found a stormy altar of Qazlal.
   469 | D        | Found a hide-covered altar of Uskayaw.
   469 | D        | Found a blossoming altar of Fedhas.
   469 | D        | Found a bloodstained altar of Trog.
   469 | D        | Found an iron altar of Okawaru.
   469 | D        | Found a basalt altar of Yredelemnul.
   469 | D        | Found a glowing golden altar of the Shining One.
   469 | D        | Found a snail-covered altar of Cheibriados.
   469 | D        | Found a sacrificial altar of Ru.
   469 | D        | Found a glowing silver altar of Zin.
   469 | D        | Found a shadowy altar of Dithmenos.
   469 | D        | Found a white marble altar of Elyvilon.
   469 | D        | Noticed a yak
   475 | D        | Killed a yak
   476 | D        | Reached skill level 10 in Fighting
   476 | D        | Reached skill level 11 in Axes
   476 | D        | Reached skill level 5 in Dodging
   476 | D        | Found an opulent altar of Gozag.
   586 | D        | Found a burning altar of Makhleb.
   586 | D        | Found a viscous altar of Jiyva.
   586 | D        | Found a shimmering altar of Xom.
   586 | D        | Found a corrupted altar of Lugonu.
   586 | D        | Noticed a slime creature
   594 | D        | Killed a slime creature
   595 | D        | Reached skill level 12 in Axes
   595 | D        | Reached XP level 7. HP: 38/74 MP: 6/6
   768 | D        | Noticed a kobold demonologist
   768 | D        | Noticed a kobold demonologist
   771 | D        | Noticed a neqoxec
   771 | D        | Paralysed by a floating eye for 3 turns
   777 | D        | Killed a kobold demonologist
   777 | D        | Reached *** piety under Trog
   778 | D        | Reached skill level 13 in Axes
   787 | D        | Killed a kobold demonologist
   787 | D        | Reached **** piety under Trog
   788 | D        | Reached skill level 14 in Axes
   788 | D        | Reached XP level 8. HP: 85/85 MP: 7/7
   895 | D        | Noticed a centaur warrior
   899 | D        | Noticed a centaur warrior
   906 | D        | Killed a centaur warrior
   907 | D        | Reached skill level 15 in Axes
   908 | D        | HP: 4/129 [centaur warrior (9)]
   913 | D        | Slain by a centaur warrior

Illustrated notes

Levels and vault maps discovered:
D:        dungeon_sprint_1 [red_sonja_temple_1, red_sonja_temple_small_1]

Skill      XL: |  1  2  3  4  5  6  7  8 |
---------------+-------------------------+-----
Fighting       | 5 7 9 11 12 13 | 13.4
Axes           | 5 7 10 12 14 15 | 15.3
Armour         | 3 4 5 6 7 8 9 |  9.5
Dodging        | 3 4 5 6 7 |  7.4
Stealth        | |  0.3

Action                   |  1- 3 |  4- 6 |  7- 9 || total
-------------------------+-------+-------+-------++-------
Melee: Hand axe          |    12 |    20 |    23 ||    55
       Headbutt          |     3 |     7 |     2 ||    12
Invok: Berserk           |     2 |     2 |     2 ||     6
Armor: Ring mail         |       |     2 |    14 ||    16
Dodge: Dodged            |     2 |     7 |     9 ||    18
